 Seeded DCSS version 0.30-a0-793-g160f7cfddd (webtiles) character file.

Game seed: 2869265305504195120 (custom seed)

186 timneilson the Covered (level 5, 0/33 HPs)
             Began as a Gargoyle Fighter on Feb 19, 2023.
             Slain by Pargi (2 damage)
             ... on level 3 of the Dungeon.
             The game lasted 00:04:17 (2274 turns).

timneilson the Covered (Gargoyle Fighter)           Turns: 2274, Time: 00:04:17

Health: 0/33       AC: 13    Str: 20    XL:     5   Next: 66%
Magic:  5/5        EV:  7    Int:  8    God:
Gold:   14         SH:  4    Dex: 11    Spells: 4/4 levels left

rFire   . . .      SeeInvis .    o - +0 scimitar
rCold   + . .      Faith    .    c - +0 buckler
rNeg    + . .      Spirit   .    k - +0 chain mail
rPois   ∞          Reflect  .    (no helmet)
rElec   +          Harm     .    (no cloak)
rCorr   +          Rampage  .    (no gloves)
Will    +....                    (no boots) Stlth
                                 (no amulet)
HPRegen 0.25/turn                f - ring of resist corrosion
MPRegen 0.09/turn                e - ring of the Commoners {rC+ Will+}

@: no status effects
A: sickness immunity, AC +4, negative energy resistance 1, electricity
resistance, torment resistance 1, petrification resistance
a: no special abilities


You were on level 3 of the Dungeon.
You visited 1 branch of the dungeon, and saw 3 of its levels.

You collected 118 gold pieces.
You spent 104 gold pieces at shops.

Inventory:

Hand Weapons
 a - a +1 long sword
 o - a +0 scimitar (weapon)
Armour
 c - a +0 buckler (worn)
 k - a +0 chain mail (worn)
Jewellery
 e - the ring of the Commoners (right hand) {rC+ Will+}
   (You acquired it on level 2 of the Dungeon)

   [ring of protection from cold]

   rC:        It protects you from cold.
   Will:      It increases your willpower.
 f - a ring of resist corrosion (left hand)
 h - a ring of fire
Wands
 n - a wand of polymorph (3)
Scrolls
 b - a scroll of silence
 j - 2 scrolls of enchant armour
 m - 2 scrolls of identify
Potions
 d - a potion of might
 g - a potion of cancellation
 i - a potion of brilliance
 l - 2 potions of mutation
 p - a potion of curing


   Skills:
 + Level 3.8 Fighting
 * Level 3.1 Long Blades
 * Level 4.5 Armour
 + Level 1.0 Dodging
 * Level 4.3 Shields
 + Level 0.0 Evocations


You had 4 spell levels left.
You didn't know any spells.
Your spell library contained the following spells:

 Spells                   Type           Power      Damage    Failure   Level
 Sandblast                Erth           0%         2d4       99%         1
 Passwall                 Tmut/Erth      0%         N/A       100%        2
 Stone Arrow              Conj/Erth      0%         3d7       100%        3


Dungeon Overview and Level Annotations

Branches:
Dungeon (3/15)

Altars:

Shops:
D:3 (((

Annotations:
D:3 Pargi


Innate Abilities, Weirdness & Mutations

You are immune to sickness and miasma.
Your stone body is resilient. (AC +4)
You are immune to poison.
You resist negative energy. (rN+)
You are resistant to electric shocks. (rElec)
You are resistant to unholy torment.
You are immune to petrification.


Message History

Pargi is lightly wounded.
Pargi bites you but does no damage. Pargi claws you but does no damage.
Pargi barely misses you. Pargi bites you but does no damage.
Pargi claws you but does no damage. x2
You hit Pargi.
Pargi is lightly wounded.
Pargi bites you.
* * * LOW HITPOINT WARNING * * *
Pargi claws you but does no damage. x2
You slash Pargi!
Pargi is moderately wounded.
Pargi bites you but does no damage. Pargi claws you.
* * * LOW HITPOINT WARNING * * *
Pargi barely misses you.
It was a potion of curing.
You feel better.
Pargi clenches his claws.
Pargi bites you but does no damage. Pargi claws you.
Pargi claws you but does no damage.
You hit Pargi.
Pargi is heavily wounded.
Pargi bites you. You block Pargi's attack. Pargi claws you but does no damage.
Pargi bites you but does no damage. Pargi barely misses you.
You block Pargi's attack.
You closely miss Pargi.
Pargi is moderately wounded.
Pargi barely misses you. Pargi claws you but does no damage. x2
You hit Pargi but do no damage.
Pargi is moderately wounded.
Pargi bites you but does no damage. Pargi claws you but does no damage. x2
You barely miss Pargi.
Pargi is moderately wounded.
Pargi bites you. Pargi claws you but does no damage. Pargi closely misses you.
Pargi bites you!
* * * LOW HITPOINT WARNING * * *
You block Pargi's attack. Pargi claws you.
* * * LOW HITPOINT WARNING * * *
You barely miss Pargi.
Pargi is moderately wounded.
Pargi barely misses you. Pargi claws you.
You die...

#.#.#.#.......# ##.#.......
∩#..................###.....###.#
.##.###.......##.............##..
..............##....###...#.#####
.#####...........#.# ##.#..# # .#
#∩.########>#. #.##.# # .# #.##
#.. #.##.# # .# #.#
###T#######.##.# # .# #.#
#..@.....>.>##.# # .# #..
#.#..####### #.# # .# ### #?#..#
#.##### .# #.<..# #....). .#
#.#..# ####### .# #.#..# ########
.# # #..########....... .#
#...........###### ##.##########


You could see Pargi.

Vanquished Creatures
  Natasha (thrice) (D:3)
  2 adders (D:2)
  2 gnolls (D:2)
  2 worms
  3 dart slugs
  An orc (D:3)
  3 endoplasms (D:3)
  A giant cockroach (D:1)
  8 goblins
  3 hobgoblins (D:1)
  5 jackals
  A kobold (D:2)
  4 quokkas
  9 ball pythons
  4 bats
  5 frilled lizards
  8 rats
64 creatures vanquished.

Notes
Turn   | Place    | Note
-------+----------+-------------------------------------------
     0 | D:1      | timneilson the Gargoyle Fighter began the quest for the
                  | Orb.
     0 | D:1      | Reached XP level 1. HP: 14/14 MP: 1/1
   176 | D:1      | Reached XP level 2. HP: 19/19 MP: 2/2
   674 | D:1      | Reached XP level 3. HP: 23/23 MP: 3/3
  1274 | D:2      | Identified the +6 quarterstaff "Daifyann" {elec, +Blink
                  | rPois Dex+2}
  1301 | D:2      | Reached XP level 4. HP: 28/28 MP: 4/4
  1617 | D:2      | Identified a scroll of acquirement
  1617 | D:2      | Acquired the ring of the Commoners {rC+ Will+}
  1676 | D:3      | Noticed Natasha
  1684 | D:3      | Killed Natasha
  1827 | D:2      | Reached XP level 5. HP: 7/33 MP: 5/5
  1955 | D:3      | Found Ygeghuah's Antique Weapon Boutique.
  1984 | D:3      | Noticed Natasha
  2009 | D:3      | Killed Natasha
  2010 | D:3      | Reached skill level 1 in Dodging
  2037 | D:3      | Noticed Natasha
  2047 | D:3      | Killed Natasha
  2064 | D:3      | Found Zyidd's Antique Weapon Emporium.
  2070 | D:3      | Bought a scimitar for 104 gold pieces
  2095 | D:3      | Found Haokleeh's Weapon Shoppe.
  2248 | D:3      | Noticed Pargi
  2274 | D:3      | Slain by Pargi

Illustrated notes

Levels and vault maps discovered:
D:1:      nagdon_arrival_double_spiral, layout_basic
D:2:      layout_loops_ring, serial_bayou_pond_d, minmay_pentomino_z4
D:3:      layout_loops_ring, serial_shops, shop, shop, shop,
          nicolae_diamond_shop, uniq_natasha, uniq_pargi

Skill      XL: |  1  2  3  4  5 |
---------------+----------------+-----
Long Blades    | 2 3 |  3.1
Armour         | 4 |  4.5
Shields        | 4 |  4.3
Dodging        | 1 |  1.0
Fighting       | |  3.8

Action                     |  1- 3 |  4- 6 || total
---------------------------+-------+-------++-------
  Melee: Long sword        |   108 |    71 ||   179
         Scimitar          |       |    33 ||    33
         Unarmed           |       |     6 ||     6
    Use: Scroll            |     1 |     6 ||     7
         Potion            |       |     1 ||     1
   Stab: Confused          |       |     2 ||     2
 Armour: Scale mail        |    53 |       ||    53
         Chain mail        |     9 |   107 ||   116
  Dodge: Dodged            |    50 |    49 ||    99
  Block: Buckler           |    23 |    31 ||    54

Table legend: (Time is in decaauts)
 A = Elapsed time spent in this place.
 B = Non-inter-level travel time spent in this place.
 C = Inter-level travel time spent in this place.
 D = Time resting spent in this place.
 E = Time spent auto-exploring this place.
 F = Levels seen in this place.
 G = Mean time per level.
                   A        B        C        D        E       F      G
               +--------+--------+--------+--------+--------+-----+--------+
         Total |   2342 |   2274 |     68 |    168 |   1529 |   3 |  780.7 |
       Dungeon |   2342 |   2274 |     68 |    168 |   1529 |   3 |  780.7 |
               +--------+--------+--------+--------+--------+-----+--------+

Top non-repeatable levels by time:
     D:1: 1025 daAuts
     D:2: 844 daAuts
     D:3: 471 daAuts
